[Event "Titled Tuesday Blitz October 18 Late 2022"]
[White "Almedina Ortiz, Edgardo J."]
[Black "Kobla, Vishal"]
[WhiteFideId "3100197"]
[BlackFideId "2078457"]
[WhiteElo "2217"]
[BlackElo "1972"]
[Result "0-1"]
[Round "07"]
[TimeControl "180+1"]
[Date "2022.10.19"]
[WhiteClock "0:00:03"]
[BlackClock "0:00:42"]

1. e4 c5 2. Nf3 Nc6 3. d4 cxd4 4. Nxd4 Nf6 5. Nc3 d6 6. Bg5 e6 7. Qd2 a6 8. O-O-O Bd7 9. f4 b5 10. Nxc6 Bxc6 11. Bd3 h6 12. Bxf6 gxf6 13. f5 h5 14. Kb1 b4 15. Ne2 Qb6 16. fxe6 fxe6 17. Rhf1 Be7 18. Nf4 Bd7 19. Ng6 Rg8 20. Nxe7 Kxe7 21. Qh6 Raf8 22. g3 Qc5 23. Bxa6 Rg4 24. Be2 Rxe4 25. Bxh5 d5 26. Bf3 Re5 27. Bh5 Kd8 28. Rxf6 Rg8 29. Bf7 Rf8 30. Bxe6 Rxf6 31. Qxf6+ Qe7 0-1


[Site "https://www.chess.com"]

[Event "Titled Tuesday Blitz October 18 Late 2022"]
[White "Amburgy, Ryan"]
[Black "Sukandar, Irine Kharisma"]
[WhiteFideId "30924820"]
[BlackFideId "7101937"]
[WhiteElo "2121"]
[BlackElo "2301"]
[Result "1-0"]
[Round "07"]
[TimeControl "180+1"]
[Date "2022.10.18"]
[WhiteClock "0:01:34"]
[BlackClock "0:00:21"]

1. Nf3 b6 2. e4 Bb7 3. Nc3 g6 4. d4 Bg7 5. Be3 e6 6. a4 Ne7 7. a5 d6 8. Qd2 e5 9. Bb5+ c6 10. Be2 b5 11. dxe5 dxe5 12. Qxd8+ Kxd8 13. Bc5 Na6 14. Bd6 f6 15. O-O-O Ke8 16. Na2 Kf7 17. Nb4 Rhd8 18. Nxa6 Bxa6 19. Bc5 Rxd1+ 20. Rxd1 Bc8 21. c4 Be6 22. cxb5 cxb5 23. Bxb5 a6 24. Ba4 Bf8 25. b4 g5 26. Kb2 g4 27. Ne1 Ng6 28. Bxf8 Kxf8 29. Bb3 Nf4 30. g3 Bxb3 31. Kxb3 Ne6 32. Nc2 Ke7 33. Rd5 Rb8 34. Ka4 Nc7 35. Rc5 Nb5 36. Ne3 Kd6 37. Nxg4 Nd4 38. Ne3 Nc6 39. Nc4+ Kc7 40. f4 Rxb4+ 41. Ka3 exf4 42. Rxc6+ Kxc6 43. Kxb4 f3 44. Ne3 Kd6 45. Kc4 Ke5 46. Kd3 h6 47. Ng4+ 1-0


[Site "https://www.chess.com"]

[Event "Titled Tuesday Blitz October 18 Late 2022"]
[White "Ansh M Shah"]
[Black "Noboa Silva, Kevin"]
[WhiteFideId "25033379"]
[BlackFideId "3618471"]
[WhiteElo "2084"]
[BlackElo "2178"]
[Result "0-1"]
[Round "07"]
[TimeControl "180+1"]
[Date "2022.10.19"]
[WhiteClock "0:02:38"]
[BlackClock "0:02:31"]

1. d4 e6 2. c4 Bb4+ 3. Nd2 a5 4. g3 Nf6 5. Bg2 O-O 6. Nf3 b6 7. Ne5 Ra7 8. O-O Bb7 9. Bxb7 Rxb7 10. a3 Bxd2 11. Bxd2 d6 12. Nf3 c5 13. b4 axb4 14. axb4 cxd4 15. Nxd4 Rc7 16. Qb3 d5 17. cxd5 Qxd5 18. Qxd5 Nxd5 19. Rfc1 Rxc1+ 20. Rxc1 Nd7 21. b5 Nc5 22. Bb4 Nxb4 23. Nc6 Nxc6 24. bxc6 Rc8 25. Rd1 g6 26. Rd6 b5 0-1


[Site "https://www.chess.com"]

[Event "Titled Tuesday Blitz October 18 Late 2022"]
[White "Antonio, Jorge Carlos"]
[Black "Papp, Petra"]
[WhiteFideId "113190"]
[BlackFideId "739049"]
[WhiteElo "2247"]
[BlackElo "2259"]
[Result "0-1"]
[Round "07"]
[TimeControl "180+1"]
[Date "2022.10.19"]
[WhiteClock "0:00:33"]
[BlackClock "0:00:22"]

1. d4 d5 2. Nf3 c6 3. Bf4 Nf6 4. e3 Bf5 5. c4 e6 6. Nc3 Nbd7 7. Ne5 Bd6 8. Nxd7 Qxd7 9. Bxd6 Qxd6 10. Qb3 O-O 11. Be2 Rab8 12. cxd5 exd5 13. O-O Rfe8 14. Rac1 Ne4 15. Nxe4 Bxe4 16. Bd3 Re6 17. Bxe4 Rxe4 18. Qc2 h5 19. a3 h4 20. h3 Rbe8 21. b4 R8e6 22. b5 Rg6 23. bxc6 bxc6 24. Qc5 Qd7 25. Kh2 Ree6 26. Rb1 Rg5 27. Qb4 Reg6 28. Qb8+ Kh7 29. Rg1 Rf5 30. Rb2 Qe6 31. Qc7 a5 32. Rc2 a4 33. Rgc1 Rfg5 34. Rg1 Qe4 35. f3 Qxc2 36. Qf4 Rxg2+ 37. Kh1 Rxg1# 0-1


[Site "https://www.chess.com"]

[Event "Titled Tuesday Blitz October 18 Late 2022"]
[White "Aqib Javaid Butt"]
[Black "Quispe Santacruz, Javier"]
[WhiteFideId "7801262"]
[BlackFideId "3800920"]
[WhiteElo "1659"]
[BlackElo "1930"]
[Result "0-1"]
[Round "07"]
[TimeControl "180+1"]
[Date "2022.10.19"]
[WhiteClock "0:01:30"]
[BlackClock "0:00:58"]

1. d4 d5 2. c4 c6 3. e3 Nf6 4. Nc3 e6 5. Nf3 Bd6 6. Bd3 O-O 7. O-O Nbd7 8. e4 dxe4 9. Nxe4 Nxe4 10. Bxe4 Nf6 11. Bc2 Re8 12. Qd3 g6 13. Bg5 Bf8 14. Ne5 h6 15. Nxf7 Qe7 16. Qxg6+ Bg7 17. Bxh6 Qxf7 18. Bxg7 Qxg7 19. Qd3 Kf7 20. Rae1 Rg8 21. g3 Rh8 22. f4 Qh6 23. Rf2 b6 24. f5 Bd7 25. fxe6+ Bxe6 26. Ref1 Ke7 27. Rxf6 Qxh2# 0-1


[Site "https://www.chess.com"]

[Event "Titled Tuesday Blitz October 18 Late 2022"]
[White "Arkell, Keith C"]
[Black "Jimenez Jimenez, Leandro"]
[WhiteFideId "400270"]
[BlackFideId "6415253"]
[WhiteElo "2336"]
[BlackElo "2217"]
[Result "1-0"]
[Round "07"]
[TimeControl "180+1"]
[Date "2022.10.19"]
[WhiteClock "0:01:42"]
[BlackClock "0:00:01"]

1. d4 d5 2. Nf3 Nf6 3. c4 dxc4 4. Nc3 a6 5. e4 b5 6. e5 Nd5 7. g3 Bb7 8. Bg2 e6 9. Bg5 Be7 10. h4 Nxc3 11. bxc3 Nd7 12. O-O h6 13. Bf4 O-O 14. Qd2 Re8 15. Bxh6 gxh6 16. Qxh6 Bf8 17. Qh5 Bxf3 18. Bxf3 Rb8 19. Be4 Bg7 20. f4 f5 21. Bc6 Re7 22. g4 Qe8 23. Qxe8+ Rbxe8 24. gxf5 exf5 25. a4 Rb8 26. axb5 axb5 27. Rfb1 Nb6 28. Rxb5 Kh7 29. Kf2 Bh6 30. Kf3 Rg7 31. e6 Rf8 32. Ra7 Kg6 33. Rc5 Kf6 34. Bb5 Rg4 35. Raxc7 Rxf4+ 36. Ke2 Re4+ 37. Kd1 Rxe6 38. R7c6 Re8 39. Rxb6 Rxb6 40. Bxe8 Rb1+ 41. Kc2 Rh1 42. Bd7 f4 43. Rf5+ Ke7 44. Bb5 Rxh4 45. Bxc4 Kd6 46. Rf6+ Kc7 47. Kb3 Rh2 48. Bd5 Kb8 49. Kc4 1-0


[Site "https://www.chess.com"]

[Event "Titled Tuesday Blitz October 18 Late 2022"]
[White "Ballester Llagaria, Luis Eduardo"]
[Black "Leschinsky, Gary"]
[WhiteFideId "2297620"]
[BlackFideId "30951321"]
[WhiteElo "2344"]
[BlackElo "1855"]
[Result "1-0"]
[Round "07"]
[TimeControl "180+1"]
[Date "2022.10.19"]
[WhiteClock "0:01:53"]
[BlackClock "0:01:18"]

1. e4 c5 2. Nc3 e6 3. Nf3 a6 4. d4 cxd4 5. Nxd4 b5 6. Bd3 Bb7 7. O-O Nc6 8. Nxc6 Bxc6 9. Re1 Qb8 10. a4 b4 11. Nd5 Bd6 12. h3 Ne7 13. Nxe7 Bxe7 14. Qg4 O-O 15. e5 f5 16. exf6 Bxf6 17. Bf4 e5 18. Qh5 g6 19. Bxg6 hxg6 20. Qxg6+ Bg7 21. Bxe5 Qxe5 22. Rxe5 Rf6 23. Qg4 Raf8 24. Rg5 R8f7 25. Re1 Rxf2 26. Re8+ Kh7 27. Rxg7+ Rxg7 28. Qh5# 1-0


[Site "https://www.chess.com"]

[Event "Titled Tuesday Blitz October 18 Late 2022"]
[White "Barria Zuniga, Daniel"]
[Black "Hirneise, Jens"]
[WhiteFideId "3400816"]
[BlackFideId "24614734"]
[WhiteElo "2414"]
[BlackElo "2344"]
[Result "1-0"]
[Round "07"]
[TimeControl "180+1"]
[Date "2022.10.19"]
[WhiteClock "0:00:10"]
[BlackClock "0:00:02"]

1. d4 Nf6 2. c4 c6 3. Nc3 d5 4. Nf3 e6 5. Bg5 Nbd7 6. e3 Bb4 7. Qc2 Qa5 8. Nd2 O-O 9. Rc1 dxc4 10. Bxf6 Nxf6 11. Nxc4 Qxa2 12. Be2 b5 13. Ne5 Bb7 14. O-O Qa5 15. Bf3 Rfc8 16. Nd3 Bxc3 17. Qxc3 Qb6 18. Rc2 a5 19. Rfc1 b4 20. Qc5 Qd8 21. Ne5 Nd7 22. Qd6 Nxe5 23. dxe5 Qxd6 24. exd6 Rd8 25. Bxc6 Bxc6 26. Rxc6 g6 27. Kf1 Kg7 28. Rb6 Ra7 29. Ke2 b3 30. Rcc6 a4 31. Kd3 Kf6 32. Kd4 Ra5 33. e4 e5+ 34. Kc4 Ke6 35. Kb4 Rda8 36. Rc7 a3 37. bxa3 Ra4+ 38. Kxb3 Rxa3+ 39. Kb4 R8a4+ 40. Kb5 Ra5+ 41. Kc6 Rc3+ 42. Kb7 1-0


[Site "https://www.chess.com"]

[Event "Titled Tuesday Blitz October 18 Late 2022"]
[White "Bettalli, Francesco"]
[Black "Burke, Paul"]
[WhiteFideId "2816453"]
[BlackFideId "2605767"]
[WhiteElo "2216"]
[BlackElo "1894"]
[Result "1-0"]
[Round "07"]
[TimeControl "180+1"]
[Date "2022.10.19"]
[WhiteClock "0:02:03"]
[BlackClock "0:00:52"]

1. d4 a6 2. Nc3 d6 3. e4 g6 4. Bf4 Nd7 5. Qd2 h6 6. O-O-O Bg7 7. f3 e6 8. h4 Ne7 9. g4 b6 10. h5 g5 11. Be3 Bb7 12. Bg2 Qb8 13. f4 f6 14. fxg5 fxg5 15. Nge2 Qa7 16. Ng3 O-O-O 17. a4 Rdf8 18. Rhf1 Nf6 19. Qe2 Kb8 20. Nh1 Qa8 21. Nf2 d5 22. e5 Nd7 23. Nd3 c5 24. dxc5 Nxe5 25. Nxe5 Bxe5 26. cxb6 Nc6 27. Bc5 Bf4+ 28. Rxf4 Rxf4 29. Qxe6 1-0


[Site "https://www.chess.com"]

[Event "Titled Tuesday Blitz October 18 Late 2022"]
[White "Bilan, Danila"]
[Black "Petrova, Irina"]
[WhiteFideId "24161918"]
[BlackFideId "14124122"]
[WhiteElo "2203"]
[BlackElo "2023"]
[Result "1-0"]
[Round "07"]
[TimeControl "180+1"]
[Date "2022.10.19"]
[WhiteClock "0:00:52"]
[BlackClock "0:00:25"]

1. d4 d6 2. Nf3 g6 3. Bg5 Bg7 4. c3 Nd7 5. e4 Ngf6 6. Nbd2 O-O 7. Qc2 h6 8. Bh4 c5 9. d5 a6 10. a4 e6 11. dxe6 fxe6 12. e5 Nxe5 13. Nxe5 dxe5 14. Qxg6 Qe8 15. Qxe8 Nxe8 16. Be7 Rf7 17. Bxc5 Bd7 18. f3 Bc6 19. Bd3 Rd8 20. Be4 Nf6 21. Bxc6 bxc6 22. O-O-O Rfd7 23. Nc4 Nd5 24. Rhe1 h5 25. Nxe5 Bh6+ 26. Kc2 Rb7 27. Nxc6 Rdd7 28. Rxe6 Nf4 29. Rxd7 Rxd7 30. Rxh6 Kg7 31. Bf8+ Kxf8 32. Rf6+ Rf7 33. Rxf7+ Kxf7 34. g3 Nd5 35. Kd3 Nb6 36. a5 Na4 37. b4 Nb2+ 38. Kd4 Nd1 39. b5 axb5 40. a6 1-0


[Site "https://www.chess.com"]

[Event "Titled Tuesday Blitz October 18 Late 2022"]
[White "Bilych, Olexiy"]
[Black "Andreikin, Dmitry"]
[WhiteFideId "14156504"]
[BlackFideId "4158814"]
[WhiteElo "2320"]
[BlackElo "2736"]
[Result "1/2-1/2"]
[Round "07"]
[TimeControl "180+1"]
[Date "2022.10.18"]
[WhiteClock "0:00:17"]
[BlackClock "0:00:06"]

1. d4 d5 2. c4 e6 3. Nf3 Nf6 4. g3 Bb4+ 5. Bd2 Be7 6. Bg2 O-O 7. Qc2 c6 8. h4 Ne4 9. a3 Nd7 10. Nc3 Nxd2 11. Nxd2 Nb6 12. c5 Nd7 13. f4 f6 14. e3 e5 15. h5 b6 16. Nxd5 exd4 17. exd4 Nxc5 18. Nxe7+ Qxe7+ 19. Kf2 Ne6 20. Qxc6 Bd7 21. Qe4 Rae8 22. Rhe1 Qd6 23. Qd5 Qxd5 24. Bxd5 Kh8 25. Nf3 Nc7 26. Bb7 Bg4 27. Rxe8 Nxe8 28. h6 gxh6 29. Re1 Nd6 30. Bc6 Kg7 31. Re7+ Rf7 32. Rxf7+ Kxf7 33. Nd2 h5 34. Ne4 Nf5 35. d5 Ke7 36. b4 Nd6 37. Nxd6 Kxd6 38. Ke3 Bh3 39. Ke4 h6 40. Be8 Bg4 41. Bg6 Ke7 42. Kd4 Kd6 43. Ke4 Ke7 44. Bf5 Bd1 45. Kd4 Kd6 46. Be4 Bg4 47. a4 a5 48. bxa5 bxa5 49. Bc2 Bd7 50. Bb3 Bf5 51. Bd1 Bd7 52. Bc2 Be8 53. Kc4 Bd7 54. Bb3 Be8 55. Bd1 Bd7 56. Kd4 Be8 57. Bb3 Bd7 58. Bd1 Be8 59. Bb3 Bd7 60. Bd1 1/2-1/2


[Site "https://www.chess.com"]

[Event "Titled Tuesday Blitz October 18 Late 2022"]
[White "Bjelobrk, Igor"]
[Black "Licznerski, Lukasz"]
[WhiteFideId "4300726"]
[BlackFideId "1179250"]
[WhiteElo "2335"]
[BlackElo "2403"]
[Result "0-1"]
[Round "07"]
[TimeControl "180+1"]
[Date "2022.10.18"]
[WhiteClock "0:00:25"]
[BlackClock "0:00:25"]

1. Nf3 Nf6 2. g3 g6 3. Bg2 Bg7 4. O-O d5 5. c4 O-O 6. cxd5 Nxd5 7. d4 Nb6 8. Nc3 Nc6 9. e3 Re8 10. h3 a5 11. d5 Ne5 12. Nxe5 Bxe5 13. e4 e6 14. Bh6 a4 15. Rc1 Bd7 16. Re1 c6 17. Qd2 exd5 18. exd5 cxd5 19. Nxd5 Bc6 20. Nxb6 Qxb6 21. Bxc6 bxc6 22. Rc2 Bd4 23. Be3 Bxe3 24. Rxe3 Rxe3 25. Qxe3 Qxe3 26. fxe3 Rb8 27. Kf2 Kf8 28. Kf3 Ke7 29. Rc4 Rxb2 30. Rxa4 Rb7 31. Ra8 h5 32. a4 Kd6 33. a5 Kc5 34. a6 Re7 35. Ke2 Kb6 36. Kd3 Ra7 37. Rxa7 Kxa7 38. Kc4 Kxa6 39. Kc5 Kb7 40. Kd6 Kb6 41. e4 c5 42. e5 c4 43. Ke7 c3 44. Kxf7 c2 45. e6 c1=Q 46. e7 Qc7 47. Kf8 Qd6 48. Kf7 Qd5+ 49. Kg7 Qe6 50. Kf8 Qf6+ 51. Ke8 Kc7 52. h4 Kd6 0-1


[Site "https://www.chess.com"]

[Event "Titled Tuesday Blitz October 18 Late 2022"]
[White "Bongo Akanga Ndjila, Barthelemy"]
[Black "Vargas, Mauricio"]
[WhiteFideId "10609431"]
[BlackFideId "4404572"]
[WhiteElo "1768"]
[BlackElo "2025"]
[Result "1-0"]
[Round "07"]
[TimeControl "180+1"]
[Date "2022.10.19"]
[WhiteClock "0:00:28"]
[BlackClock "0:00:05"]

1. d4 d5 2. Nf3 Bg4 3. Ne5 Bh5 4. c4 f6 5. g4 fxe5 6. gxh5 exd4 7. Qxd4 Nf6 8. Bg2 c6 9. Nc3 e6 10. cxd5 cxd5 11. O-O Nbd7 12. Bf4 Bc5 13. Qa4 O-O 14. Rad1 Nxh5 15. Bc1 a6 16. Qg4 Rf5 17. e4 dxe4 18. Bxe4 Nhf6 19. Qh3 Rh5 20. Qxe6+ Kh8 21. Bxb7 Rb8 22. Bf3 Rb6 23. Qf7 Rh4 24. Bg5 Rxh2 25. Kxh2 Ng4+ 26. Bxg4 Qxg5 27. Qxd7 Rh6+ 28. Kg2 Rf6 29. Rfe1 1-0


[Site "https://www.chess.com"]

[Event "Titled Tuesday Blitz October 18 Late 2022"]
[White "Bordi, Kevin"]
[Black "Bortnyk, Olexandr"]
[WhiteFideId "621862"]
[BlackFideId "14120828"]
[WhiteElo "2794"]
[BlackElo "2723"]
[Result "0-1"]
[Round "07"]
[TimeControl "180+1"]
[Date "2022.10.18"]
[WhiteClock "0:00:06"]
[BlackClock "0:01:42"]

1. d4 d6 2. e4 Nf6 3. Nc3 Nbd7 4. g3 h5 5. h4 g6 6. Bg2 Bg7 7. Nge2 c5 8. Bg5 cxd4 9. Nxd4 Qa5 10. Qd2 Ne5 11. O-O Nc4 12. Qe1 Ng4 13. Nb3 Bxc3 14. bxc3 Qc7 15. Nd2 Nxd2 16. Qxd2 O-O 17. f3 Ne5 18. f4 Ng4 19. f5 Re8 20. fxg6 Qc5+ 21. Kh1 fxg6 22. e5 Bf5 23. Rxf5 gxf5 24. Bh6 Qxe5 25. Qg5+ Kh7 26. Qxh5 Nxh6 0-1


[Site "https://www.chess.com"]

[Event "Titled Tuesday Blitz October 18 Late 2022"]
[White "Bulgurlu, Okan"]
[Black "Tan, Ralph"]
[WhiteFideId "6352316"]
[BlackFideId "30966590"]
[WhiteElo "2190"]
[BlackElo "2059"]
[Result "0-1"]
[Round "07"]
[TimeControl "180+1"]
[Date "2022.10.19"]
[WhiteClock "0:00:05"]
[BlackClock "0:00:18"]

1. d4 Nf6 2. Nc3 d5 3. Bf4 g6 4. Nb5 Na6 5. e3 Bg7 6. Nf3 O-O 7. Be2 c6 8. Nc3 c5 9. Bxa6 bxa6 10. dxc5 Qa5 11. c6 Ne4 12. O-O Nxc3 13. bxc3 Qxc3 14. Qxd5 Be6 15. Qd3 Qxc6 16. Nd4 Bxd4 17. exd4 Bc4 18. Qc3 Rac8 19. Rfe1 Qf6 20. Be5 Qf5 21. Qe3 Qxc2 22. Qh6 f6 23. Bf4 Rf7 24. Rac1 Qxa2 25. Qh3 Rd8 26. Qc3 Bd5 27. Ra1 Qc4 28. Qxc4 Bxc4 29. Be3 e6 30. Ra5 Rfd7 31. h3 Kf7 32. Rc1 Bb5 33. Rc5 Rd5 34. Rc7+ R8d7 35. Rc8 e5 36. dxe5 Rxe5 37. Ra8 Ke6 38. Bxa7 Re1+ 39. Kh2 Rdd1 40. Ra3 Rh1+ 41. Kg3 Rhg1 42. Re3+ Kf5 43. Rf8 Bc6 44. f3 Rd2 45. Re5+ Kxe5 46. Bxg1 a5 47. Rf7 Bd5 48. Rxh7 a4 49. Ra7 Bb3 50. Bc5 g5 51. Bb4 Rc2 52. Ra5+ Ke6 53. Ba3 Ra2 54. Bb4 Bc4 55. Rc5 Bf1 56. Rc6+ Kf5 57. Rc5+ Kg6 58. f4 Rxg2+ 59. Kf3 gxf4 60. Kxf4 Rb2 61. Ba3 Rb3 62. Bc1 Bxh3 63. Rc6 Bg2 64. Rc5 Bb7 65. Kg4 a3 66. Ra5 Bc8+ 67. Kf4 a2 68. Rxa2 Rb4+ 69. Ke3 Be6 70. Kd2 Bxa2 71. Kc3 Rb7 72. Bb2 Be6 0-1


[Site "https://www.chess.com"]

[Event "Titled Tuesday Blitz October 18 Late 2022"]
[White "Can, Melih Kaan"]
[Black "Yi, Richard"]
[WhiteFideId "6317383"]
[BlackFideId "2079518"]
[WhiteElo "2029"]
[BlackElo "2147"]
[Result "1-0"]
[Round "07"]
[TimeControl "180+1"]
[Date "2022.10.19"]
[WhiteClock "0:01:38"]
[BlackClock "0:00:15"]

1. e4 e5 2. Nf3 Nc6 3. Bb5 a6 4. Ba4 Nf6 5. d4 b5 6. dxe5 Nxe4 7. Bb3 Nc5 8. Bd5 Bb7 9. O-O Be7 10. Nc3 O-O 11. Bf4 Ne6 12. Bg3 Rb8 13. Re1 h6 14. Qd2 Re8 15. Rad1 Qc8 16. a3 Nf8 17. Ne4 Nd8 18. h3 c6 19. Bb3 c5 20. Bd5 Bxd5 21. Qxd5 Nfe6 22. Bh4 Bxh4 23. Nxh4 Qc7 24. Nd6 Rf8 25. Nhf5 Nc6 26. Qf3 Ncd4 27. Qg3 Nxf5 28. Nxf5 Kh8 29. Rd6 Rb6 30. Rxe6 g6 31. Rxb6 Qxb6 32. Nxh6 b4 33. Ng4 Kg7 34. Qf4 bxa3 35. bxa3 Re8 36. Qh6+ Kg8 37. Nf6+ 1-0


[Site "https://www.chess.com"]

[Event "Titled Tuesday Blitz October 18 Late 2022"]
[White "Castella Garcia, Fausto"]
[Black "Sabar, Ethmane Daouda"]
[WhiteFideId "3501922"]
[BlackFideId "19600097"]
[WhiteElo "2246"]
[BlackElo "1950"]
[Result "0-1"]
[Round "07"]
[TimeControl "180+1"]
[Date "2022.10.19"]
[WhiteClock "0:01:37"]
[BlackClock "0:02:17"]

1. e4 c5 2. Nf3 Nc6 3. Bb5 e6 4. O-O Nge7 5. Nc3 a6 6. Bxc6 Nxc6 7. d4 cxd4 8. Nxd4 Be7 9. Nxc6 bxc6 10. e5 O-O 11. Ne4 c5 12. Qg4 Kh8 13. Bg5 f6 14. exf6 gxf6 15. Bh6 Rg8 16. Qh4 f5 0-1


[Site "https://www.chess.com"]

[Event "Titled Tuesday Blitz October 18 Late 2022"]
[White "Castellanos Gomez, Alejandro"]
[Black "Kirillov, Dmitry"]
[WhiteFideId "22284141"]
[BlackFideId "34180572"]
[WhiteElo "2168"]
[BlackElo "2095"]
[Result "1-0"]
[Round "07"]
[TimeControl "180+1"]
[Date "2022.10.19"]
[WhiteClock "0:00:02"]
[BlackClock "0:00:02"]

1. d4 d5 2. Bf4 e6 3. e3 Nf6 4. Nd2 Bd6 5. Bg3 O-O 6. Bd3 b6 7. f4 Bb7 8. Qf3 c5 9. c3 Nc6 10. Bh4 Be7 11. Qh3 g6 12. Ngf3 cxd4 13. exd4 Nb8 14. Ng5 Nh5 15. O-O Nxf4 16. Rxf4 Bxg5 17. Raf1 Nd7 18. Nf3 Be7 19. Nd2 f5 20. Re1 g5 21. Rxe6 gxh4 22. Bxf5 Nf6 23. Rxh4 Rf7 24. Nf3 Bc8 25. Ne5 Rg7 26. Qf3 Bxe6 27. Bxe6+ Kf8 28. Qf4 Rb8 29. Rh6 Ke8 30. Nc6 1-0


[Site "https://www.chess.com"]

[Event "Titled Tuesday Blitz October 18 Late 2022"]
[White "Chan, Kim Yew"]
[Black "Shapiro, Daniel"]
[WhiteFideId "5717981"]
[BlackFideId "2001780"]
[WhiteElo "2206"]
[BlackElo "2215"]
[Result "1-0"]
[Round "07"]
[TimeControl "180+1"]
[Date "2022.10.19"]
[WhiteClock "0:00:06"]
[BlackClock "0:00:04"]

1. Nf3 Nf6 2. b3 d6 3. Bb2 e5 4. c4 Be7 5. g3 O-O 6. Bg2 Re8 7. O-O Bf8 8. d4 e4 9. Nfd2 c6 10. d5 e3 11. fxe3 Ng4 12. Bd4 c5 13. h3 cxd4 14. hxg4 dxe3 15. Nf3 Bxg4 16. Nc3 Nd7 17. Qd4 h5 18. Ne4 g6 19. Neg5 Bg7 20. Qf4 Rf8 21. Qxd6 Ne5 22. Qxd8 Raxd8 23. Rad1 Rfe8 24. c5 Re7 25. d6 Red7 26. Nxe5 Bxe5 27. Bd5 Kg7 28. Nxf7 Bxg3 29. Nxd8 Bf2+ 30. Rxf2 exf2+ 31. Kxf2 Rxd8 32. Bxb7 Rf8+ 33. Bf3 Be6 34. d7 g5 35. d8=Q 1-0


[Site "https://www.chess.com"]

[Event "Titled Tuesday Blitz October 18 Late 2022"]
[White "Clawitter, Craig"]
[Black "Moaataz, Ayah"]
[WhiteFideId "2023105"]
[BlackFideId "10615873"]
[WhiteElo "2197"]
[BlackElo "1993"]
[Result "0-1"]
[Round "07"]
[TimeControl "180+1"]
[Date "2022.10.19"]
[WhiteClock "0:00:01"]
[BlackClock "0:00:49"]

1. e4 c6 2. d4 d5 3. e5 Bf5 4. Nf3 e6 5. Be2 Nd7 6. O-O Be7 7. c4 Bg6 8. Nc3 dxc4 9. Bxc4 Nb6 10. Bb3 Nd5 11. Qe2 Nh6 12. Bxh6 gxh6 13. Ne4 Rg8 14. Kh1 Bf5 15. Ng3 Bg4 16. Qe4 Qd7 17. h3 Bxf3 18. Qxf3 Bh4 19. Ne4 Be7 20. Rac1 Rg7 21. a4 Kf8 22. a5 a6 23. Bc2 Kg8 24. Nf6+ Bxf6 25. exf6 Rg5 26. h4 Rg6 27. Bxg6 hxg6 28. Rfe1 Qd8 29. h5 g5 30. Qh3 Nf4 31. Qe3 Qxf6 32. g3 Nxh5 33. Kg2 Rd8 34. Rcd1 Rd5 35. b4 Ng7 36. Qf3 Nf5 37. Re5 Kg7 38. Rde1 Nxd4 39. Qxf6+ Kxf6 40. R5e4 Nf5 41. f4 gxf4 0-1


[Site "https://www.chess.com"]

[Event "Titled Tuesday Blitz October 18 Late 2022"]
[White "Cosoi Scherzer, Alejandro"]
[Black "Arnold, Ken"]
[WhiteFideId "3401430"]
[BlackFideId "2056836"]
[WhiteElo "1967"]
[BlackElo "2328"]
[Result "1-0"]
[Round "07"]
[TimeControl "180+1"]
[Date "2022.10.19"]
[WhiteClock "0:00:01"]
[BlackClock "0:00:12"]

1. e4 c6 2. d4 d5 3. e5 Bf5 4. h4 h5 5. Bg5 Qb6 6. Bd3 Bxd3 7. Qxd3 Qxb2 8. e6 Qxa1 9. Qb3 b5 10. exf7+ Kxf7 11. Nf3 Nd7 12. O-O Ngf6 13. Nbd2 Qxf1+ 14. Nxf1 e6 15. Bf4 Be7 16. Ng5+ Kg8 17. Nxe6 a5 18. Ng5 Rc8 19. Qe3 Ne4 20. Nxe4 dxe4 21. Qxe4 Kf7 22. Qf5+ Nf6 23. Ng3 g6 24. Qd3 Rhd8 25. Be5 Rd5 26. Qf3 Ke6 27. Ne4 Ng4 28. Ng5+ Kd7 29. g3 Rf8 30. Qc3 Bxg5 31. hxg5 Nxf2 32. Qxa5 Ne4 33. Qa7+ Ke6 34. Qg7 Rdd8 35. Qxg6+ Kd5 36. Qxh5 Nd2 37. Qe2 Nf3+ 38. Kg2 Nxg5 39. Qd3 Ne4 40. Qb3# 1-0


[Site "https://www.chess.com"]

[Event "Titled Tuesday Blitz October 18 Late 2022"]
[White "Cruz, William Ferreira Da"]
[Black "Korchmar, Vasiliy"]
[WhiteFideId "2118050"]
[BlackFideId "24131750"]
[WhiteElo "2223"]
[BlackElo "2370"]
[Result "1-0"]
[Round "07"]
[TimeControl "180+1"]
[Date "2022.10.19"]
[WhiteClock "0:00:06"]
[BlackClock "0:00:04"]

1. d4 d5 2. c4 c6 3. Nc3 Nf6 4. Nf3 e6 5. Bg5 Be7 6. e3 Nbd7 7. Qc2 O-O 8. Rd1 h6 9. Bxf6 Bxf6 10. Bd3 dxc4 11. Bxc4 Qe7 12. O-O e5 13. dxe5 Nxe5 14. Nxe5 Bxe5 15. h3 Qf6 16. Bb3 Bf5 17. e4 Bg6 18. Rd7 h5 19. Kh1 Qf4 20. g3 Qf3+ 21. Kg1 h4 22. Rd3 Qf6 23. f4 Bxc3 24. Rxc3 Qd4+ 25. Qf2 Qxf2+ 26. Rxf2 hxg3 27. Rxg3 Bxe4 28. Re3 Bd5 29. Bxd5 cxd5 30. Rd2 Rad8 31. Re5 d4 32. Re4 Rfe8 33. Rxe8+ Rxe8 34. Rxd4 Re2 35. Rb4 b6 36. Kf1 Rc2 37. a4 g6 38. b3 Kg7 39. Rb5 Rb2 40. Kg1 Kf6 41. h4 Ke6 42. Kf1 Kd6 43. a5 bxa5 44. Rxa5 Rxb3 45. Rxa7 Ke6 46. Kf2 Rh3 47. Ra6+ Kf5 48. Ra7 f6 49. Ra4 Rxh4 50. Kg3 Rg4+ 51. Kf3 Rh4 52. Ra5+ Ke6 53. Ra6+ Kf7 54. Ra7+ Kf8 55. Kg3 Rh1 56. Kf3 Re1 57. Kg3 Re3+ 58. Kg4 Re7 59. Ra6 Kf7 60. Kf3 Rb7 61. Kg4 Rd7 62. Kf3 Ke7 63. Ke4 Rd6 64. Ra7+ Ke6 65. Rg7 f5+ 66. Kf3 Kf6 67. Ra7 Rd3+ 68. Kf2 Rb3 69. Ra6+ Kg7 70. Rd6 Kh6 71. Ra6 Kh5 72. Kg2 Rb2+ 73. Kf3 Rb3+ 74. Kg2 Rd3 75. Kf2 Rh3 76. Kg2 Rh4 77. Kf3 Rg4 78. Ra1 Rh4 79. Rg1 Kh6 80. Ra1 Kh5 81. Rg1 Rh3+ 82. Kf2 Rb3 83. Rg5+ Kh6 84. Rg1 Kg7 85. Ra1 Rb6 86. Ra7+ Kf6 87. Kg3 Rb3+ 88. Kf2 Rh3 89. Ra6+ Kg7 90. Kg2 Kf7 91. Kxh3 1-0


[Site "https://www.chess.com"]

[Event "Titled Tuesday Blitz October 18 Late 2022"]
[White "Curtis, John"]
[Black "Ismayil, Malak"]
[WhiteFideId "3200256"]
[BlackFideId "13412604"]
[WhiteElo "2203"]
[BlackElo "1879"]
[Result "0-1"]
[Round "07"]
[TimeControl "180+1"]
[Date "2022.10.19"]
[WhiteClock "0:00:24"]
[BlackClock "0:00:19"]

1. e4 e5 2. Nf3 Nc6 3. Bb5 a6 4. Bxc6 dxc6 5. O-O Bd6 6. d4 Qe7 7. dxe5 Bxe5 8. Nxe5 Qxe5 9. f4 Qc5+ 10. Kh1 Bd7 11. Nc3 O-O-O 12. Qf3 Nf6 13. f5 h5 14. Bg5 Rdg8 15. a3 Ng4 16. Rae1 f6 17. Bf4 Re8 18. h3 Ne5 19. Bxe5 Rxe5 20. Rd1 Qe7 21. Rd3 c5 22. Rfd1 Bc6 23. Qf2 b6 24. a4 Re8 25. a5 b5 26. Nd5 Bxd5 27. Rxd5 Rxe4 28. Rxc5 Re1+ 29. Rxe1 Qxe1+ 30. Qxe1 Rxe1+ 31. Kh2 Kb7 32. g4 hxg4 33. hxg4 Re2+ 34. Kg3 Re4 35. c3 Re2 36. Kf3 Rxb2 37. Rd5 Rb3 38. Rd7 Rxc3+ 39. Kf4 Rc4+ 40. Kf3 b4 41. Re7 b3 42. Re1 b2 43. Rb1 Rb4 44. g5 c5 45. g6 c4 46. Ke3 Kc6 47. Kd2 Kb5 48. Kc3 Rb3+ 49. Kc2 Kxa5 50. Rxb2 Rxb2+ 51. Kxb2 Kb4 52. Kc2 a5 53. Kd2 a4 54. Ke3 a3 55. Kd4 a2 56. Kd5 a1=Q 57. Ke6 Qe5+ 58. Kf7 Qxf5 59. Kg8 Qxg6 60. Kf8 f5 61. Ke7 Qf6+ 62. Ke8 f4 0-1


[Site "https://www.chess.com"]